 Dungeon Crawl Stone Soup version 0.22.1-1-ga44c0e56f4 (console) character file.

832 Kloppie the Skirmisher (level 7, -2/65 (66) HPs)
             Began as a Ghoul Monk on Oct 27, 2018.
             Slain by an ogre
             ... wielding a +0 giant club
              (5 damage)
             ... on level 5 of the Dungeon.
             The game lasted 00:07:58 (3648 turns).

Kloppie the Skirmisher (Ghoul Monk)                 Turns: 3648, Time: 00:07:58

HP:   -2/65 (66)    AC:  7    Str: 19    XL:     7   Next: 98%
MP:   6/6           EV: 11    Int:  5    God:
Gold: 262           SH:  0    Dex: 11    Spells: 6/6 levels left

rFire    . . .     SeeInvis .     - Unarmed
rCold    + . .     Gourm    .   (no shield)
rNeg     + + +     Faith    .   r - +0 ring mail
rPois    ∞         Spirit   .   p - +0 helmet
rElec    .         Reflect  .   t - +0 cloak
rCorr    .         Harm     .   (no gloves)
MR       .....                  (no boots)
Stlth    +.........             (no amulet)
HPRegen  0.00/turn              (no ring)
MPRegen  0.10/turn              n - +2 ring of strength

@: rotting
A: rotting body, claws 1, carnivore, cold resistance 1, negative energy
resistance 3, inhibited regeneration, torment resistance, unbreathing
a: no special abilities


You were on level 5 of the Dungeon.
You were not hungry.

You visited 1 branch of the dungeon, and saw 5 of its levels.

You collected 262 gold pieces.

Inventory:

Armour
 p - a +0 helmet (worn)
 r - a +0 ring mail (worn)
 t - a +0 cloak (worn)
Jewellery
 c - an uncursed amulet of faith
 n - a +2 ring of strength (right claw)
Scrolls
 d - a scroll of teleportation
 g - 2 scrolls of remove curse
 j - a scroll of blinking {unknown}
 k - a scroll of fog {unknown}
 l - a scroll of amnesia {unknown}
 m - 2 scrolls of immolation {unknown}
 o - a scroll of noise {unknown}
Potions
 f - a potion of haste
 i - a potion of lignification
 q - a potion of agility
 s - a potion of invisibility
Comestibles
 a - a chunk of flesh
 b - 11 rations


   Skills:
 + Level 7.4 Fighting
 + Level 0.8 Armour
 - Level 2.6 Dodging
 - Level 2.1 Stealth
 - Level 7.3 Unarmed Combat


You had 6 spell levels left.
You didn't know any spells.
Your spell library was empty.

Dungeon Overview and Level Annotations

Branches:
Dungeon (5/15)
 Temple: D:4-7

Altars:
Ru
Uskayaw


Innate Abilities, Weirdness & Mutations

Your body is rotting away.
You thrive on raw meat.
You are immune to poison.
You have sharp fingernails.
You are carnivorous and can eat meat at any time.
Your flesh is cold resistant. (rC+)
You are immune to negative energy. (rN+++)
You do not regenerate when monsters are visible.
You are immune to unholy pain and torment.
You can survive without breathing.


Message History

You are too injured to fight recklessly!
You scratch the ogre but do no damage.
The ogre is heavily wounded.
You scratch the ogre.
The ogre is heavily wounded.
The ogre barely misses you.
You claw the ogre!
The ogre is severely wounded.
The ogre barely misses you.
You scratch the ogre.
The ogre is almost dead.
You scratch the ogre.
The ogre is almost dead.
You feel your flesh rotting away. The ogre hits you with a giant club!!
* * * LOW HITPOINT WARNING * * *
You barely miss the ogre.
The ogre is almost dead.
The ogre hits you with a giant club.
You die...

... #.# ####.####
#.......#
###.##)##.#########
..#.##)#....)......
#.#.##......##..### ###
#.#.####..#.##...# ##...
#.#.####..#.......#
......#O#.......####...##
#.......@..###.#####..##
....!.#.##.# #.......##
........##.# #########
.#########.# #.# #.# #.#
#.#


You could see an ogre.

Vanquished Creatures
  An ice beast (D:5)
  Blork the orc (D:4)
  A big kobold (D:4)
  A bullfrog (D:3)
  A crimson imp (D:4)
  A hound (D:2)
  An orc priest (D:4)
  A bullfrog zombie (D:5)
  Crazy Yiuf (D:4)
  4 orc wizards (D:4)
  An iguana (D:4)
  8 adders
  6 gnolls
  4 worms
  3 dart slugs
  4 leopard geckos
  11 orcs
  2 ball pythons
  6 giant cockroaches
  9 goblins
  6 hobgoblins
  15 jackals
  9 kobolds
  2 quokkas (D:2)
  5 bats
  8 frilled lizards
  A leopard gecko skeleton (D:4)
  7 rats
120 creatures vanquished.

Notes
Turn   | Place    | Note
-------+----------+-------------------------------------------
     0 | D:1      | Kloppie the Ghoul Monk began the quest for the Orb.
     0 | D:1      | Reached XP level 1. HP: 19/19 MP: 0/0
    92 | D:1      | Reached XP level 2. HP: 15/26 MP: 1/1
   608 | D:2      | Reached XP level 3. HP: 20/33 MP: 2/2
   892 | D:2      | Reached XP level 4. HP: 35/41 MP: 3/3
  1259 | D:2      | Reached XP level 5. HP: 29/47 MP: 4/4
  1508 | D:3      | Reached skill level 5 in Unarmed Combat
  1534 | D:3      | Reached skill level 5 in Fighting
  1818 | D:3      | Reached XP level 6. HP: 25/56 MP: 5/5
  2448 | D:4      | Found a hide-covered altar of Uskayaw.
  2448 | D:4      | Noticed Blork the orc
  2478 | D:4      | Killed Blork the orc
  2478 | D:4      | Reached XP level 7. HP: 18/64 MP: 6/6
  3204 | D:4      | Found a sacrificial altar of Ru.
  3274 | D:4      | Found a runed door.
  3475 | D:4      | Noticed Crazy Yiuf
  3484 | D:4      | Killed Crazy Yiuf
  3538 | D:5      | Entered Level 5 of the Dungeon
  3647 | D:5      | HP: 3/65 [ogre/giant club (28)]
  3648 | D:5      | Slain by an ogre

Skill      XL: |  1  2  3  4  5  6  7 |
---------------+----------------------+-----
Unarmed Combat | 4 5 6 7 |  7.3
Fighting       | 4 5 6 7 |  7.4
Armour         | |  0.8
Dodging        | |  2.6
Stealth        | |  2.1

Action                   |  1- 3 |  4- 6 |  7- 9 || total
-------------------------+-------+-------+-------++-------
Melee: Unarmed           |   104 |   200 |    98 ||   402
       Punch             |     1 |     5 |     4 ||    10
  Use: Scroll            |       |       |     6 ||     6
 Stab: Sleeping          |     3 |     5 |       ||     8
  Eat: Chunk             |    18 |    26 |    10 ||    54
Armor: Robe              |    21 |    31 |     8 ||    60
       Ring mail         |       |       |    19 ||    19
Dodge: Dodged            |    62 |    93 |    49 ||   204
